 Dungeon Crawl Stone Soup version 0.31.0-9-g3a7656b989 (webtiles) character file.

Game seed: 5374751488398058074

9 Colgate the Poker (level 2, 17/24 HPs)
             Began as a Demonspawn Chaos Knight on Feb 3, 2024.
             Was a Plaything of Xom.
             Quit the game on level 1 of the Dungeon.
             The game lasted 00:00:12 (385 turns).

Colgate the Poker (Demonspawn Chaos Knight)          Turns: 385, Time: 00:00:12

Health: 17/24      AC:  5    Str: 12    XL:     2   Next: 3%
Magic:  2/2        EV: 11    Int: 12    God:    Xom [..*...]
Gold:   48         SH:  0    Dex: 12    Spells: 1/1 levels left

rFire   . . .        a - +0 spear (chaos)
rCold   . . .        (no shield)
rNeg    . . .        b - +2 leather armour
rPois   .            (no helmet)
rElec   .            (no cloak)
rCorr   .            (no gloves)
SInv    .            (no boots)
Will    .....        (no amulet)
Stlth   +            (no ring)
HPRegen 0.24/turn    (no ring)
MPRegen 0.08/turn

%: no passive effects
@: no status effects
A: sturdy frame 1
a: Renounce Religion


You were on level 1 of the Dungeon.
You worshipped Xom.
You were a toy of Xom.
You visited 1 branch of the dungeon, and saw 1 of its levels.

You collected 48 gold pieces.

Inventory:

Hand Weapons
 a - a +0 spear of chaos (weapon)
Armour
 b - a +2 leather armour (worn)
Scrolls
 c - a scroll of butterflies
 d - 2 scrolls of identify {unknown}
 e - a scroll of fog {unknown}
 f - 2 scrolls of enchant weapon {unknown}
 g - a scroll of immolation {unknown}
 h - a scroll of blinking {unknown}


   Skills:
 - Level 3.0 Fighting
 + Level 3.2 Polearms
 - Level 1.7 Armour
 - Level 0.8 Dodging


You had one spell level left.
You didn't know any spells.
Your spell library was empty.

Dungeon Overview and Level Annotations

Branches:
Dungeon (1/15)

Altars:


Innate Abilities, Weirdness & Mutations

Your movements are slightly less encumbered by armour. (ER -2)


Message History

Key pressed, stopping explore.
No target in view!
Key pressed, stopping explore.
No target in view!
Key pressed, stopping explore.
No target in view!
You now have 48 gold pieces (gained 12).
You see here a dart slug corpse.
h - a scroll labelled YKAERGH IMIHEO No target in view!
Key pressed, stopping explore.
No target in view!
A dart slug comes into view.
A dart slug is nearby!
You reach to attack!
You completely miss the dart slug.
A dart slug is nearby!
You reach to attack!
You barely miss the dart slug.
A dart slug is nearby!
You hit the dart slug. You burn the dart slug.
A dart slug is nearby!
You hit the dart slug but do no damage. The dart slug launches a dart at you.
The slug dart hits you.
A dart slug is nearby!
You hit the dart slug.
The dart slug seems to grow stronger.
The dart slug launches a dart at you. The slug dart misses you.
A dart slug is nearby!
You hit the dart slug. You burn the dart slug.
A dart slug is nearby!
You hit the dart slug but do no damage. The dart slug launches a dart at you.
The slug dart hits you.
A dart slug is nearby!
You hit the dart slug but do no damage.
The dart slug is poisoned.
You kill the dart slug!
You have reached level 2!
Your demonic ancestry asserts itself...
You feel less encumbered by your armour.
Are you sure you want to abandon this character and quit the game? (Confirm with "yes".)

.....#.#.
################........
...............+........
##############.#........
#.........#.#........
#.#######.#.#........
#.#.........+†.......
#.#+####.####@.......
#....................
#........####.......#
####........# #########
............#
.###.†......# .#
#...#+#### ##########
.###..>#.# #.........
.........# #....####.


There were no monsters in sight!

Vanquished Creatures
  2 dart slugs (D:1)
  A giant cockroach (D:1)
  A hobgoblin (D:1)
  A ball python (D:1)
5 creatures vanquished.

Notes
Turn   | Place    | Note
-------+----------+-------------------------------------------
     0 | D:1      | Colgate the Demonspawn Chaos Knight began the quest for the
                  | Orb.
     0 | D:1      | Reached XP level 1. HP: 18/18 MP: 1/1
    33 | D:1      | XOM: silly message
   385 | D:1      | Gained mutation: Your movements are slightly less
                  | encumbered by armour. (ER -2) [demonic ancestry]
   385 | D:1      | Reached XP level 2. HP: 17/24 MP: 2/2
   385 | D:1      | Quit the game

Illustrated notes

Levels and vault maps discovered:
D:1:      psy_arrival_spokes, layout_basic, minmay_liquid_box

Skill      XL: |  1 |
---------------+----+-----
Polearms       | 3 |  3.2
Fighting       | |  3.0
Armour         | |  1.7
Dodging        | |  0.8

Action                     || total
---------------------------++-------
  Melee: Spear             ||    19
   Stab: Sleeping          ||     1
 Armour: Leather armour    ||     3
  Dodge: Dodged            ||     5
